 Dungeon Sprint DCSS version 0.15-a0-1081-gb32516e (webtiles) character file.

21613 BluebellGnoll the Impaler (level 12, 0/127 HPs)
             Began as a Minotaur Fighter on May 28, 2014.
             Was the Champion of Qazlal.
             Slain by Mennas
             ... wielding a +3,+2 blessed long sword of holy wrath
              (12 damage)
             ... in the Dungeon (Sprint IX: "|||||||||||||||||||||||||||||").
             The game lasted 00:43:51 (4561 turns).

BluebellGnoll the Impaler (Minotaur Fighter)        Turns: 4561, Time: 00:43:51

HP   0/127       AC 27     Str 25      XL: 12   Next: 55%
MP  21/21        EV  8     Int  8      God: Qazlal [******]
Gold 823         SH 46     Dex 14      Spells:  0 memorised, 11 levels left

rFire  + . .     SeeInvis .     a - +0 trident
rCold  . . .     Clarity  .     D - +7 chain mail "Zaly Fri" {+Inv +Fly rPois}
rNeg   . . .     Conserve .     O - +0 shield
rPois  +         rCorr    .     N - +0 hat {Int+3}
rElec  .         rRot     .     E - +0 cloak (curse)
SustAb .         Spirit   .     Q - +1 pair of gloves
rMut   .         Warding  .     y - +0 pair of boots
Gourm  .         NoTele   +     (no amulet)
MR     .....                    P - ring of protection from fire
                                t - +3 ring of dexterity

@: exhausted, protected from physical damage, slowed, glowing, silenced, repel
missiles, very slow, not resistant to hostile enchantments, extremely unstealthy
A: retaliatory headbutt, horns 2
a: Evoke Invisibility, Evoke Flight


You were in the Dungeon.
You worshipped Qazlal.
Qazlal was exalted by your worship.
You were near starving.

You visited 1 branch You collected 1961 gold pieces.
You spent 1138 gold pieces at shops.

Inventory:

Hand weapons
 a - a +0,+0 trident (weapon)
 h - a +0 blowgun
 A - a +0,+0 dagger of distortion
Missiles
 B - 5 tomahawks of returning (quivered)
 C - 4 javelins of penetration
 M - 4 curare-tipped needles
Armour
 q - a +0 pair of gloves
 y - a +0 pair of boots (worn)
 D - the cursed +7 chain mail "Zaly Fri" (worn) {+Inv +Fly rPois}
   (You bought it in a shop in the Dungeon)

   It protects you from poison.
   It lets you turn invisible.
   It lets you fly.
   It has a curse placed upon it.
 E - a cursed +0 cloak (worn)
 F - a cursed +0 cloak
 G - a +0 cloak
 J - a +0 cloak
 N - a +0 hat of intelligence (worn)
 O - a +0 shield (worn)
 Q - a +1 pair of gloves (worn)
Magical devices
 o - a wand of cold (2)
 I - a wand of flame (18)
Comestibles
 d - 13 bread rations
 j - a chunk of tengu flesh
 x - 39 fruits
 z - 12 meat rations
Scrolls
 k - 2 scrolls of blinking
 m - 5 scrolls of remove curse
 n - 2 scrolls of amnesia
 p - a scroll of fear
 u - a scroll of identify
 v - 3 scrolls of enchant armour
 H - a scroll of fog
 L - a scroll of random uselessness
 S - 2 scrolls of enchant weapon III
 T - 2 scrolls of enchant weapon II
Jewellery
 s - a +2 ring of evasion
 t - a +3 ring of dexterity (left hand)
 w - an uncursed ring of poison resistance
 P - a ring of protection from fire (right hand)
Potions
 b - 2 potions of restore abilities
 f - 10 potions of curing
 g - a potion of heal wounds
 i - 4 potions of magic
 l - a potion of agility
 R - a potion of haste


   Skills:
 - Level 17.8 Fighting
 + Level 19.9 Polearms
 - Level 14.2 Throwing
 - Level 10.8 Armour
 + Level 16.0 Shields
 - Level 8.7 Invocations


You had 11 spell levels left.
You didn't know any spells.

Dungeon Overview and Level Annotations

Branches:
Dungeon (1/1)

Altars:
Cheibriados
Dithmenos
Elyvilon
Fedhas
Gozag
Kikubaaqudgha
Makhleb
Nemelex Xobeh
Okawaru
Qazlal
Sif Muna
Trog
Vehumet
Xom
Yredelemnul
Zin
The Shining One
Beogh
Jiyva
Lugonu

Shops:
D :[:

Annotations:
D Mennas


Innate Abilities, Weirdness & Mutations

You reflexively headbutt those who attack you in melee.
You have a pair of horns on your head.


Message History

You block Mennas' attack.
Mennas hits you with a blessed long sword of holy wrath.
* * * LOW HITPOINT WARNING * * *
You hit Mennas but do no damage. Your headbutt misses Mennas.
Mennas is heavily wounded.
You block Mennas' attack. x2
You puncture Mennas!
Mennas is severely wounded.
Mennas hits you but does no damage. You block Mennas' attack.
Mennas hits you with a blessed long sword of holy wrath!
* * * LOW HITPOINT WARNING * * *
You block Mennas' attack.
You hit Mennas but do no damage.
Mennas is severely wounded.
You block Mennas' attack. Mennas hits you but does no damage.
Mennas blocks your attack.
Mennas is severely wounded.
Mennas hits you but does no damage.
Mennas hits you with a blessed long sword of holy wrath!
You die...

[......).........................
▓▓▓▓▓▓▓▓▓▓▓▓▓▓▓▓▓▓▓▓▓▓▓▓▓▓▓▓▓▓▓▓▓
.∩.∩.....[[....)......[...).[)...
▓▓▓▓▓▓▓▓▓▓▓▓▓▓▓▓▓▓▓▓▓▓▓▓▓▓▓▓▓▓▓▓▓
.................................
▓▓▓▓▓▓▓▓▓▓▓▓▓▓▓▓▓▓▓▓▓▓▓▓▓▓▓▓▓▓▓▓▓
.(...[.').........[[[[[.[[.))))))
▓▓▓▓▓▓▓▓▓▓▓▓▓▓▓▓▓▓▓▓▓▓▓▓▓▓▓▓▓▓▓▓▓
................@A.....((,,,,,,,,
▓▓▓▓▓♣♣♣♣♣♣♣♣♣♣▓▓▓▓▓▓▓▓▓▓********
,,≈≈+,,,,,,,,,+,,,,,,,,,+,,,,,,,,
************ ********************
,,,,,,,,,,,,,,,,,,,,,,,,,,,,,,,,,
**************** ****************
,,,,,,,,,,,,,+,,,,,,,,,,,,,,,,,,+
*********************************
,,,,,,,,,,,,,,,,,,,,,,,,,,,,,,,,,


You could see Mennas.

Vanquished Creatures
  An emperor scorpion (D)
  Gastronok (D)
  3 rakshasas (D)
  Josephine (D)
  3 tengu warriors (D)
  A deep troll shaman (D)
  6 death yaks (D)
  Urug (D)
  A catoblepas (D)
  An unseen horror (D)
  Erolcha (D)
  A hill giant (D)
  An orc knight (D)
  7 orc sorcerers (D)
  An elephant (D)
  A cyclops (D)
  Maurice (D)
  A spiny frog (D)
  2 trolls (D)
  A yaktaur (D)
  2 blink frogs (D)
  2 komodo dragons (D)
  Sonja (D)
  A slime creature (D)
  2 yaks (D)
  An ugly thing (D)
  A hungry ghost (D)
  A vampire mosquito (D)
  A sky beast (D)
  A porcupine (D)
  9 orc warriors (D)
  2 water moccasins (D)
  2 crocodiles (D)
  A necrophage (D)
  A giant frog (D)
  2 giant slugs (D)
  A crimson imp (D)
  3 orc priests (D)
  2 worker ants (D)
  10 orc wizards (D)
  A sheep (D)
  A mummy (D)
  3 adders (D)
  An orc skeleton (D)
  A shadow imp (D)
  2 orc zombies (D)
  An adder zombie (D)
  An adder simulacrum (D)
  10 orcs (D)
  3 giant cockroaches (D)
  2 hobgoblins (D)
  A jackal (D)
  3 quokkas (D)
  A bat (D)
  A giant cockroach zombie (D)
  A giant newt zombie (D)
  A goblin (D)
  A hobgoblin skeleton (D)
  A hobgoblin zombie (D)
  A kobold zombie (D)
  A rat (D)
  A rat skeleton (D)
121 creatures vanquished.

Vanquished Creatures (others)
  A fungus (D)
1 creature vanquished.

Grand Total: 122 creatures vanquished

Notes
Turn   | Place    | Note
--------------------------------------------------------------
     0 | D        | BluebellGnoll, the Minotaur Fighter, began the quest for the Orb.
     0 | D        | Reached XP level 1. HP: 19/19 MP: 1/1
    12 | D        | Reached skill level 4 in Polearms
    18 | D        | Reached skill level 5 in Polearms
    41 | D        | Noticed a crimson imp
    49 | D        | Killed a crimson imp
    49 | D        | Reached skill level 7 in Shields
    49 | D        | Reached XP level 2. HP: 21/26 MP: 1/1
    49 | D        | Reached XP level 3. HP: 25/31 MP: 2/2
    56 | D        | Reached skill level 8 in Shields
    70 | D        | Found a glowing silver altar of Zin.
    70 | D        | Found a glowing golden altar of the Shining One.
    70 | D        | Found an ancient bone altar of Kikubaaqudgha.
    70 | D        | Found a basalt altar of Yredelemnul.
    70 | D        | Found a shimmering altar of Xom.
    70 | D        | Found a radiant altar of Vehumet.
    70 | D        | Found an iron altar of Okawaru.
    71 | D        | Found a burning altar of Makhleb.
    72 | D        | Found a deep blue altar of Sif Muna.
    73 | D        | Found a bloodstained altar of Trog.
    74 | D        | Found a sparkling altar of Nemelex Xobeh.
    75 | D        | Found a white marble altar of Elyvilon.
    76 | D        | Found a roughly hewn altar of Beogh.
    77 | D        | Found a viscous altar of Jiyva.
    78 | D        | Found a corrupted altar of Lugonu.
    79 | D        | Found a blossoming altar of Fedhas.
    80 | D        | Found a snail-covered altar of Cheibriados.
    81 | D        | Found a shadowy altar of Dithmenos.
    82 | D        | Found a stormy altar of Qazlal.
    83 | D        | Found an opulent altar of Gozag.
    91 | D        | Became a worshipper of Qazlal Stormbringer
   130 | D        | Noticed a necrophage
   130 | D        | Noticed a troll
   130 | D        | Noticed a hill giant
   137 | D        | Reached XP level 4. HP: 36/41 MP: 2/2
   141 | D        | Killed a hill giant
   141 | D        | Acquired Qazlal's first power
   141 | D        | Reached skill level 11 in Fighting
   141 | D        | Reached skill level 12 in Polearms
   141 | D        | Reached XP level 5. HP: 34/60 MP: 2/2
   141 | D        | Reached XP level 6. HP: 38/68 MP: 3/3
   141 | D        | Reached XP level 7. HP: 41/74 MP: 3/3
   144 | D        | Killed a troll
   144 | D        | Reached skill level 13 in Polearms
   150 | D        | Killed a necrophage
   151 | D        | Acquired Qazlal's second power
   372 | D        | Noticed a worker ant
   372 | D        | Noticed a worker ant
   372 | D        | Noticed a slime creature
   372 | D        | Noticed a troll
   392 | D        | Killed a troll
   392 | D        | Reached skill level 14 in Polearms
   392 | D        | Reached skill level 5 in Armour
   392 | D        | Reached XP level 8. HP: 85/85 MP: 3/3
   396 | D        | Killed a slime creature
   400 | D        | Killed a worker ant
   405 | D        | Killed a worker ant
   405 | D        | Acquired Qazlal's third power
   481 | D        | Noticed Urug
   547 | D        | Killed Urug
   547 | D        | Reached skill level 15 in Polearms
  1016 | D        | Noticed a giant frog
  1016 | D        | Noticed a blink frog
  1016 | D        | Noticed a komodo dragon
  1016 | D        | Noticed a water moccasin
  1017 | D        | Acquired Qazlal's fourth power
  1018 | D        | Killed a water moccasin
  1018 | D        | Reached XP level 9. HP: 90/92 MP: 4/4
  1019 | D        | Killed a komodo dragon
  1021 | D        | Noticed a water moccasin
  1026 | D        | Killed a blink frog
  1026 | D        | Reached skill level 10 in Armour
  1033 | D        | Killed a giant frog
  1035 | D        | Acquired Qazlal's fifth power
  1047 | D        | Killed a water moccasin
  1074 | D        | Noticed a blink frog
  1074 | D        | Noticed a porcupine
  1074 | D        | Noticed a giant slug
  1074 | D        | Noticed a komodo dragon
  1074 | D        | Noticed an elephant
  1074 | D        | Noticed a giant slug
  1075 | D        | Noticed a spiny frog
  1083 | D        | Killed a giant slug
  1083 | D        | Reached skill level 1 in Invocations
  1094 | D        | Noticed a crocodile
  1097 | D        | Killed an elephant
  1097 | D        | Reached skill level 16 in Polearms
  1102 | D        | Killed a komodo dragon
  1112 | D        | Killed a giant slug
  1115 | D        | Killed a porcupine
  1122 | D        | Killed a spiny frog
  1132 | D        | Killed a crocodile
  1145 | D        | Killed a blink frog
  1145 | D        | Reached skill level 5 in Invocations
  1145 | D        | Reached XP level 10. HP: 61/100 MP: 8/12
  1301 | D        | Noticed a yak
  1301 | D        | Noticed a death yak
  1301 | D        | Noticed a death yak
  1301 | D        | Noticed a death yak
  1301 | D        | Noticed a death yak
  1301 | D        | Noticed a death yak
  1301 | D        | Noticed a yak
  1303 | D        | Noticed a catoblepas
  1317 | D        | Killed a death yak
  1317 | D        | Reached skill level 17 in Polearms
  1371 | D        | Killed a death yak
  1667 | D        | Killed a death yak
  1667 | D        | Reached skill level 18 in Polearms
  1670 | D        | Killed a yak
  1692 | D        | Killed a death yak
  1693 | D        | Killed a yak
  1723 | D        | Killed a death yak
  1723 | D        | Reached skill level 19 in Polearms
  1723 | D        | Reached skill level 15 in Shields
  2013 | D        | Killed a catoblepas
  2013 | D        | Reached XP level 11. HP: 105/105 MP: 19/19
  2144 | D        | Noticed Josephine
  2183 | D        | Killed Josephine
  2252 | D        | Noticed an orc wizard
  2252 | D        | Noticed an orc wizard
  2252 | D        | Noticed an orc priest
  2259 | D        | Killed an orc priest
  2265 | D        | Noticed an orc priest
  2267 | D        | Killed an orc wizard
  2271 | D        | Killed an orc wizard
  2310 | D        | Killed an orc priest
  2312 | D        | Noticed an orc warrior
  2326 | D        | Killed an orc warrior
  2438 | D        | Noticed an orc warrior
  2445 | D        | Killed an orc warrior
  2445 | D        | Reached skill level 1 in Throwing
  2460 | D        | Noticed an orc priest
  2460 | D        | Noticed an orc warrior
  2460 | D        | Noticed an orc warrior
  2460 | D        | Noticed an orc warrior
  2460 | D        | Noticed an orc warrior
  2460 | D        | Noticed an orc knight
  2472 | D        | Noticed an orc sorcerer
  2511 | D        | Killed an orc knight
  2522 | D        | Killed an orc warrior
  2533 | D        | Killed an orc sorcerer
  2533 | D        | Reached skill level 5 in Throwing
  2595 | D        | Killed an orc warrior
  2698 | D        | Killed an orc warrior
  2759 | D        | Noticed an orc warrior
  2765 | D        | Killed an orc warrior
  2789 | D        | Killed an orc warrior
  2792 | D        | Killed an orc priest
  2823 | D        | Noticed an orc warrior
  2836 | D        | Killed an orc warrior
  2848 | D        | Noticed an orc wizard
  2850 | D        | Killed an orc wizard
  2854 | D        | Noticed an orc warrior
  2868 | D        | Killed an orc warrior
  2897 | D        | Found Ishrah's Book Boutique.
  2897 | D        | Noticed an orc wizard
  2897 | D        | Noticed an orc wizard
  2897 | D        | Noticed an orc wizard
  2897 | D        | Noticed an orc sorcerer
  2897 | D        | Noticed an orc sorcerer
  2898 | D        | Noticed an ice devil
  2898 | D        | Noticed an orc sorcerer
  2962 | D        | Paralysed by an orc sorcerer for 6 turns
  2969 | D        | Killed an orc sorcerer
  2975 | D        | Noticed an ice devil
  2976 | D        | Killed an orc sorcerer
  2990 | D        | Killed an orc wizard
  3053 | D        | Killed an orc wizard
  3062 | D        | Killed an orc wizard
  3137 | D        | Noticed an orc wizard
  3144 | D        | Killed an orc wizard
  3266 | D        | Killed an orc sorcerer
  3310 | D        | Noticed an orc wizard
  3325 | D        | Killed an orc wizard
  3340 | D        | Found Naetoaf's Antique Armour Shop.
  3342 | D        | Found Geurref's Assorted Antiques.
  3342 | D        | Noticed an orc wizard
  3356 | D        | Killed an orc wizard
  3359 | D        | Noticed an orc sorcerer
  3364 | D        | Paralysed by an orc sorcerer for 6 turns
  3376 | D        | Killed an orc sorcerer
  3383 | D        | Found Afig Ilu's Book Shop.
  3386 | D        | Noticed an orc sorcerer
  3458 | D        | Killed an orc sorcerer
  3479 | D        | Noticed an orc wizard
  3481 | D        | Killed an orc wizard
  3506 | D        | Noticed an orc sorcerer
  3552 | D        | Killed an orc sorcerer
  3611 | D        | Bought a jet-studded chain mail for 228 gold pieces
  3631 | D        | Identified the cursed +7 chain mail "Zaly Fri" {+Inv +Fly rPois} (You bought it in a shop in the Dungeon)
  3639 | D        | Bought a shield for 108 gold pieces
  3639 | D        | Bought a cloak for 108 gold pieces
  3639 | D        | Bought a cloak for 108 gold pieces
  3639 | D        | Bought a cloak for 108 gold pieces
  3656 | D        | Bought a scroll labeled PSIDIVA LULIE for 29 gold pieces
  3656 | D        | Bought a scroll of identify for 58 gold pieces
  3656 | D        | Bought a leather armour for 58 gold pieces
  3656 | D        | Bought a potion of heal wounds for 87 gold pieces
  3656 | D        | Bought a scroll labeled PIC AMARRASEZULOCE for 29 gold pieces
  3656 | D        | Bought a potion of might for 72 gold pieces
  3656 | D        | Bought a potion of curing for 58 gold pieces
  3656 | D        | Bought a scroll labeled KIOPAQ ROLULUCW for 29 gold pieces
  3656 | D        | Bought a scroll of identify for 58 gold pieces
  3680 | D        | Noticed Maurice
  3681 | D        | Noticed Sonja
  3686 | D        | Killed Maurice
  3699 | D        | Killed Sonja
  3699 | D        | Reached skill level 15 in Fighting
  3699 | D        | Reached skill level 10 in Throwing
  3720 | D        | Noticed Gastronok
  3723 | D        | Noticed Erolcha
  3741 | D        | Killed Gastronok
  3746 | D        | Killed Erolcha
  3883 | D        | Noticed a sky beast
  3883 | D        | Noticed a hungry ghost
  3883 | D        | Noticed a purple ugly thing
  3883 | D        | Noticed a vampire mosquito
  3883 | D        | Noticed a crocodile
  3883 | D        | Noticed a yaktaur
  3887 | D        | Killed an unseen horror
  3887 | D        | Reached XP level 12. HP: 113/122 MP: 21/21
  3888 | D        | Killed a sky beast
  3889 | D        | Killed a yaktaur
  3889 | D        | Killed a purple ugly thing
  3890 | D        | Noticed a cyclops
  3890 | D        | Killed a crocodile
  3890 | D        | Killed a hungry ghost
  3892 | D        | Killed a vampire mosquito
  3893 | D        | Noticed a tengu warrior
  3893 | D        | Killed a cyclops
  3894 | D        | Noticed a rakshasa
  3903 | D        | Killed a tengu warrior
  3947 | D        | Killed a rakshasa
  3948 | D        | Killed a rakshasa
  3950 | D        | Noticed a death yak
  3953 | D        | Noticed a death yak
  3956 | D        | Noticed a death yak
  3959 | D        | Noticed an emperor scorpion
  3965 | D        | Killed a rakshasa
  3983 | D        | Killed a death yak
  3985 | D        | Noticed a deep troll shaman
  4216 | D        | Killed a deep troll shaman
  4240 | D        | Killed an emperor scorpion
  4318 | D        | Noticed a tengu warrior
  4327 | D        | Killed a tengu warrior
  4404 | D        | Noticed a tengu warrior
  4411 | D        | Killed a tengu warrior
  4468 | D        | Noticed Mennas
  4561 | D        | Slain by Mennas

Action                   |  1- 3 |  4- 6 |  7- 9 | 10-12 || total
-------------------------+-------+-------+-------+-------++-------
Melee: Trident           |    37 |     4 |   137 |   599 ||   777
 Fire: Blowgun           |       |       |       |     4 ||     4
Throw: Tomahawk          |       |       |       |    60 ||    60
       Javelin           |       |       |       |     4 ||     4
Invok: Disaster Area     |       |       |       |     2 ||     2
       Elemental Force   |       |       |       |     1 ||     1
Evoke: Wand              |     2 |     1 |     2 |     1 ||     6
  Use: Potion            |       |       |     3 |     8 ||    11
       Scroll            |       |       |       |     5 ||     5
 Stab: Invisible         |       |       |     6 |       ||     6
